General information
- name: BNet
- type: Ladder team game (AT/RT)
- host: Battle.net
- saver: BEAR_AND
map: Friends
- players: 8
- length: 52:10
- speed: Fast
- version: 1.21 W3XP
- replay type:

» download(569 KB)
Players
team 1 (loser)

»
Dabutler (
yellow | 75 APM | 3520 actions | 47:12)
5 Death Knight
3 Death Coil
2 Unholy Aura
5 Lich
3 Frost Nova
2 Frost Armor
» actions
| Assign group hotkey | 42 | |
| Basic commands | 125 | |
| Build / train | 137 | |
| ESC pressed | 2 | |
| Enter build submenu | 44 | |
| Enter hero's abilities submenu | 9 | |
| Give item / drop item | 4 | |
| Remove unit from queue | 8 | |
| Right click | 1492 | |
| Select / deselect | 522 | |
| Select group hotkey | 986 | |
| Use ability | 148 | |
3520 total
» units
| Acolyte | 12 | |
| Ghoul | 9 | |
| Crypt Fiend | 27 | |
| Meatwagon | 11 | |
| Goblin Zeppelin | 1 | |
| Necromancer | 10 | |
| Gargoyle | 9 | |
79 total
» upgrades
| Exhume Corpses | 1 | |
| Necromancer Training | 2 | |
| Skeletal Longevity | 1 | |
| Skeletal Mastery | 1 | |
| Web | 1 | |
| Unholy Strength | 1 | |
| Unholy Armor | 1 | |
| Creature Attack | 1 | |
| Creature Carapace | 2 | |
11 total
» buildings
| Ziggurat | 21 | |
| Altar of Darkness | 1 | |
| Crypt | 6 | |
| Tomb of Relics | 2 | |
| Graveyard | 2 | |
| Nerubian Tower | 1 | |
| Spirit Tower | 5 | |
| Halls of the Dead | 9 | |
| Black Citadel | 2 | |
| Slaughterhouse | 1 | |
| Temple of the Damned | 2 | |
| Necropolis | 4 | |
56 total
» build order
00:18 Ziggurat
00:25 Altar of Darkness
00:37 Crypt
00:59 Tomb of Relics
01:16 Graveyard
01:45 Ziggurat
01:48 Ziggurat
02:32 Crypt
02:56 Nerubian Tower
03:06 Crypt
03:46 Ziggurat
04:41 Spirit Tower
06:02 Halls of the Dead
06:02 Halls of the Dead
06:02 Halls of the Dead
06:36 Ziggurat
07:36 Ziggurat
07:37 Ziggurat
08:28 Black Citadel
08:32 Slaughterhouse
08:43 Temple of the Damned
17:20 Necropolis
17:25 Necropolis
17:40 Necropolis
18:11 Ziggurat
18:13 Ziggurat
18:17 Ziggurat
19:18 Necropolis
21:13 Halls of the Dead
21:13 Halls of the Dead
21:14 Halls of the Dead
28:02 Black Citadel
28:05 Crypt
28:06 Crypt
28:13 Temple of the Damned
30:13 Ziggurat
30:14 Ziggurat
30:15 Ziggurat
31:40 Ziggurat
31:41 Ziggurat
31:41 Ziggurat
31:42 Ziggurat
37:30 Crypt
37:39 Graveyard
40:48 Ziggurat
42:36 Spirit Tower
42:36 Spirit Tower
42:36 Spirit Tower
42:48 Tomb of Relics
44:18 Ziggurat
44:19 Ziggurat
44:21 Ziggurat
» items
| Dust of Appearance | 1 | |
| Scroll of Town Portal | 3 | |
| Orb of Lightning | 1 | |
5 total
h4ckfu(gg)1 (
green | 88 APM | 4422 actions | 50:04)
7 Blademaster
3 Wind Walk
3 Critical Strike
1 Bladestorm
5 Shadow Hunter
2 Hex
3 Healing Wave
» actions
| Assign group hotkey | 63 | |
| Basic commands | 23 | |
| Build / train | 112 | |
| ESC pressed | 7 | |
| Enter build submenu | 47 | |
| Enter hero's abilities submenu | 13 | |
| Give item / drop item | 5 | |
| Right click | 1616 | |
| Select / deselect | 527 | |
| Select group hotkey | 1718 | |
| Use ability | 291 | |
4422 total
» units
| Peon | 18 | |
| Grunt | 5 | |
| Raider | 7 | |
| Demolisher | 1 | |
| Kodo Beast | 1 | |
| Troll Batrider | 31 | |
63 total
» upgrades
| Armor | 2 | |
| Melee Weapons | 1 | |
| Berserker Strength | 1 | |
| Ensnare | 1 | |
| War Drums Damage Increase | 1 | |
| Ranged Weapons | 3 | |
| Liquid Fire | 1 | |
| Pillage | 1 | |
11 total
» buildings
| Altar of Storms | 2 | |
| Orc Burrow | 12 | |
| Barracks | 1 | |
| War Mill | 2 | |
| Voodoo Lounge | 2 | |
| Stronghold | 2 | |
| Beastiary | 9 | |
| Fortress | 1 | |
| Great Hall | 2 | |
| Watch Tower | 9 | |
42 total
» build order
00:18 Altar of Storms
00:29 Orc Burrow
00:49 Barracks
01:58 Orc Burrow
02:16 War Mill
03:04 Voodoo Lounge
03:49 Orc Burrow
04:32 Stronghold
07:01 Beastiary
07:05 Beastiary
07:24 Orc Burrow
10:39 Orc Burrow
10:56 Orc Burrow
11:03 Fortress
14:56 Great Hall
15:01 Orc Burrow
21:04 Beastiary
28:00 Great Hall
33:11 Orc Burrow
37:51 Stronghold
40:47 Beastiary
40:49 Beastiary
44:16 Orc Burrow
44:20 War Mill
44:43 Orc Burrow
44:49 Altar of Storms
44:51 Beastiary
45:49 Beastiary
45:54 Watch Tower
45:55 Watch Tower
45:57 Watch Tower
46:00 Watch Tower
46:04 Watch Tower
46:56 Voodoo Lounge
47:56 Beastiary
48:21 Watch Tower
48:27 Watch Tower
48:29 Watch Tower
48:34 Watch Tower
48:44 Beastiary
49:26 Orc Burrow
49:35 Orc Burrow
» items
| Rod of Necromancy | 1 | |
| Healing Salve | 3 | |
| Lesser Clarity Potion | 8 | |
| Orb of Lightning | 1 | |
| Potion of Healing | 2 | |
| Potion of Mana | 5 | |
| Scroll of Town Portal | 1 | |
21 total
ReignOfSkip (
orange | 188 APM | 9798 actions | 52:07)
6 Archmage
3 Summon Water Elemental
2 Brilliance Aura
1 Mass Teleport
5 Mountain King
3 Storm Bolt
2 Thunder Clap
6 Paladin
3 Holy Light
2 Divine Shield
1 Resurrection
» actions
| Assign group hotkey | 109 | |
| Basic commands | 818 | |
| Build / train | 155 | |
| ESC pressed | 3 | |
| Enter build submenu | 46 | |
| Enter hero's abilities submenu | 17 | |
| Give item / drop item | 3 | |
| Remove unit from queue | 2 | |
| Right click | 4528 | |
| Select / deselect | 1075 | |
| Select group hotkey | 2692 | |
| Use ability | 350 | |
9798 total
» units
| Peasant | 34 | |
| Footman | 12 | |
| Mortar Team | 19 | |
| Dragonhawk Rider | 15 | |
| Flying Machine | 4 | |
| Goblin Shredder | 1 | |
| Goblin Zeppelin | 2 | |
87 total
» upgrades
| Lumber Harvesting | 2 | |
| Masonry | 3 | |
| Gunpowder | 1 | |
| Swords | 1 | |
| Cloud | 1 | |
| Fragmentation Shards | 1 | |
| Flare | 1 | |
10 total
» buildings
| Altar of Kings | 1 | |
| Barracks | 1 | |
| Farm | 15 | |
| Scout Tower | 18 | |
| Arcane Tower | 3 | |
| Keep | 2 | |
| Lumber Mill | 1 | |
| Blacksmith | 1 | |
| Castle | 2 | |
| Gryphon Aviary | 3 | |
| Workshop | 3 | |
| Arcane Vault | 1 | |
| Guard Tower | 7 | |
| Town Hall | 4 | |
62 total
» build order
00:06 Altar of Kings
00:20 Barracks
00:37 Farm
00:59 Farm
01:37 Scout Tower
02:09 Arcane Tower
02:12 Farm
02:49 Farm
04:02 Keep
04:04 Lumber Mill
04:53 Blacksmith
06:25 Castle
06:29 Gryphon Aviary
06:56 Workshop
07:10 Gryphon Aviary
07:16 Arcane Vault
07:26 Workshop
08:41 Farm
08:49 Farm
08:55 Farm
09:22 Farm
09:39 Farm
10:45 Scout Tower
13:44 Farm
18:52 Guard Tower
19:45 Workshop
21:11 Gryphon Aviary
21:33 Farm
21:35 Farm
24:51 Town Hall
25:36 Town Hall
29:26 Scout Tower
29:27 Scout Tower
29:30 Scout Tower
29:56 Arcane Tower
30:05 Guard Tower
36:33 Keep
38:05 Town Hall
38:14 Scout Tower
38:56 Arcane Tower
38:58 Scout Tower
39:01 Scout Tower
43:19 Guard Tower
43:41 Scout Tower
43:42 Scout Tower
43:42 Scout Tower
43:42 Scout Tower
43:43 Scout Tower
44:22 Guard Tower
44:24 Scout Tower
44:26 Scout Tower
44:26 Scout Tower
44:27 Guard Tower
45:04 Guard Tower
46:01 Scout Tower
46:01 Scout Tower
46:51 Guard Tower
46:54 Town Hall
47:01 Castle
50:42 Farm
51:35 Farm
51:55 Farm
» items
| Scroll of Town Portal | 5 | |
| Scroll of Regeneration | 6 | |
| Lesser Clarity Potion | 3 | |
| Staff of Preservation | 1 | |
| Dust of Appearance | 1 | |
| Staff of Sanctuary | 2 | |
| Potion of Healing | 1 | |
| Ivory Tower | 3 | |
22 total

»
smerb.org.org (
red | 58 APM | 2898 actions | 50:01)
6 Warden
3 Shadow Strike
2 Blink
1 Spirit of Vengeance
4 Pandaren Brewmaster
2 Breath of Fire
2 Drunken Haze
» actions
| Assign group hotkey | 43 | |
| Basic commands | 2 | |
| Build / train | 97 | |
| Enter build submenu | 27 | |
| Enter hero's abilities submenu | 11 | |
| Give item / drop item | 2 | |
| Right click | 1907 | |
| Select / deselect | 499 | |
| Select group hotkey | 159 | |
| Use ability | 151 | |
2898 total
» units
| Wisp | 36 | |
| Goblin Zeppelin | 1 | |
| Druid of the Claw | 1 | |
| Dryad | 20 | |
58 total
» upgrades
| Ultravision | 1 | |
| Nature's Blessing | 1 | |
| Druid of the Claw Training | 1 | |
| Well Spring | 1 | |
| Strength of the Wild | 3 | |
| Abolish Magic | 1 | |
| Reinforced Hides | 3 | |
11 total
» buildings
| Altar of Elders | 1 | |
| Moon Well | 7 | |
| Hunter's Hall | 1 | |
| Ancient Protector | 6 | |
| Tree of Ages | 1 | |
| Ancient of Wonders | 1 | |
| Tree of Eternity | 1 | |
| Ancient of Wind | 1 | |
| Ancient of Lore | 4 | |
| Tree of Life | 3 | |
26 total
» build order
00:23 Altar of Elders
00:41 Moon Well
01:13 Moon Well
01:59 Moon Well
02:10 Moon Well
03:00 Moon Well
03:40 Hunter's Hall
04:46 Ancient Protector
04:49 Ancient Protector
06:47 Tree of Ages
06:58 Ancient of Wonders
08:26 Ancient Protector
09:12 Tree of Eternity
13:40 Moon Well
13:43 Ancient Protector
13:51 Ancient Protector
14:33 Ancient of Wind
15:21 Ancient of Lore
18:17 Moon Well
19:09 Ancient of Lore
19:28 Ancient of Lore
19:49 Ancient of Lore
25:59 Tree of Life
26:06 Ancient Protector
39:13 Tree of Life
47:12 Tree of Life
» items
| Orb of Venom | 2 | |
| Anti-magic Potion | 1 | |
| Staff of Preservation | 2 | |
| Potion of Healing | 1 | |
| Scroll of Regeneration | 2 | |
| Scroll of Town Portal | 5 | |
| Potion of Mana | 1 | |
14 total
team 2 (winner)
BEAR_AND (
blue | 110 APM | 5753 actions | 52:10)
5 Archmage
3 Blizzard
2 Brilliance Aura
» actions
| Assign group hotkey | 26 | |
| Basic commands | 5 | |
| Build / train | 195 | |
| Enter build submenu | 76 | |
| Enter hero's abilities submenu | 5 | |
| Remove unit from queue | 18 | |
| Right click | 3014 | |
| Select / deselect | 698 | |
| Select group hotkey | 1369 | |
| Use ability | 347 | |
5753 total
» units
| Peasant | 13 | |
| Sorceress | 4 | |
| Mortar Team | 11 | |
| Goblin Zeppelin | 5 | |
| Priest | 1 | |
34 total
» upgrades
| Masonry | 3 | |
| Lumber Harvesting | 2 | |
| Magic Sentry | 1 | |
| Sorceress Training | 3 | |
| Flare | 1 | |
| Gunpowder | 3 | |
| Armor | 3 | |
| Fragmentation Shards | 1 | |
| Priest Training | 2 | |
19 total
» buildings
| Altar of Kings | 1 | |
| Farm | 7 | |
| Lumber Mill | 2 | |
| Scout Tower | 164 | |
| Guard Tower | 94 | |
| Keep | 1 | |
| Arcane Sanctum | 1 | |
| Blacksmith | 1 | |
| Workshop | 2 | |
| Castle | 1 | |
| Town Hall | 4 | |
| Arcane Vault | 1 | |
279 total
» build order
00:11 Altar of Kings
00:16 Farm
00:32 Lumber Mill
00:46 Farm
01:14 Scout Tower
01:28 Scout Tower
01:31 Scout Tower
01:38 Scout Tower
01:49 Guard Tower
01:58 Guard Tower
01:59 Scout Tower
02:06 Scout Tower
02:14 Guard Tower
03:00 Scout Tower
03:01 Guard Tower
03:03 Guard Tower
03:07 Scout Tower
03:08 Scout Tower
03:08 Scout Tower
03:09 Scout Tower
03:09 Scout Tower
03:19 Scout Tower
03:22 Scout Tower
03:29 Scout Tower
03:30 Guard Tower
03:31 Scout Tower
03:36 Guard Tower
03:50 Guard Tower
03:51 Keep
04:01 Guard Tower
04:01 Guard Tower
04:05 Guard Tower
04:07 Scout Tower
04:07 Scout Tower
04:08 Scout Tower
04:28 Scout Tower
04:29 Scout Tower
04:31 Scout Tower
04:34 Scout Tower
04:35 Scout Tower
04:36 Scout Tower
04:37 Scout Tower
04:41 Guard Tower
04:43 Scout Tower
04:45 Scout Tower
04:47 Scout Tower
04:48 Scout Tower
04:52 Guard Tower
04:58 Scout Tower
05:10 Guard Tower
05:18 Guard Tower
05:20 Guard Tower
05:24 Guard Tower
05:26 Guard Tower
05:30 Guard Tower
05:33 Scout Tower
05:34 Scout Tower
05:35 Scout Tower
05:36 Scout Tower
05:45 Guard Tower
05:49 Guard Tower
05:51 Guard Tower
05:52 Guard Tower
05:52 Guard Tower
06:02 Scout Tower
06:02 Guard Tower
06:04 Scout Tower
06:04 Scout Tower
06:19 Guard Tower
06:22 Scout Tower
06:23 Scout Tower
06:24 Scout Tower
06:26 Guard Tower
06:31 Guard Tower
06:45 Guard Tower
06:55 Guard Tower
06:55 Guard Tower
07:21 Guard Tower
07:23 Scout Tower
07:24 Scout Tower
07:24 Scout Tower
07:32 Scout Tower
07:33 Scout Tower
07:35 Scout Tower
07:35 Scout Tower
07:37 Scout Tower
08:08 Scout Tower
08:09 Scout Tower
08:10 Scout Tower
08:11 Scout Tower
08:13 Scout Tower
08:23 Guard Tower
08:35 Arcane Sanctum
08:38 Guard Tower
09:12 Guard Tower
09:16 Guard Tower
09:17 Scout Tower
09:17 Scout Tower
09:19 Scout Tower
09:20 Scout Tower
09:21 Scout Tower
09:22 Scout Tower
09:23 Scout Tower
09:23 Scout Tower
09:25 Scout Tower
09:26 Scout Tower
09:46 Guard Tower
09:48 Guard Tower
09:49 Guard Tower
10:02 Guard Tower
10:11 Guard Tower
10:16 Scout Tower
10:16 Scout Tower
10:25 Guard Tower
10:50 Guard Tower
10:52 Scout Tower
10:53 Scout Tower
10:53 Scout Tower
10:55 Scout Tower
11:06 Guard Tower
11:13 Guard Tower
11:33 Scout Tower
11:34 Scout Tower
11:38 Scout Tower
11:38 Guard Tower
11:40 Guard Tower
11:43 Guard Tower
12:31 Blacksmith
12:39 Farm
12:40 Farm
12:41 Farm
12:42 Farm
12:47 Guard Tower
12:47 Guard Tower
12:49 Guard Tower
12:50 Guard Tower
13:12 Guard Tower
14:01 Lumber Mill
14:05 Workshop
14:45 Workshop
14:51 Scout Tower
14:51 Scout Tower
14:52 Scout Tower
14:52 Scout Tower
15:15 Scout Tower
15:15 Scout Tower
15:16 Scout Tower
15:16 Scout Tower
15:17 Scout Tower
15:17 Scout Tower
15:18 Scout Tower
15:19 Scout Tower
15:19 Scout Tower
15:26 Farm
16:03 Guard Tower
16:11 Guard Tower
16:13 Guard Tower
16:13 Guard Tower
17:19 Guard Tower
17:50 Guard Tower
17:54 Guard Tower
17:54 Guard Tower
17:54 Guard Tower
18:37 Guard Tower
18:42 Scout Tower
18:43 Scout Tower
18:44 Scout Tower
18:45 Scout Tower
21:04 Guard Tower
21:54 Castle
22:05 Town Hall
24:45 Arcane Vault
28:18 Scout Tower
28:19 Scout Tower
28:19 Scout Tower
28:20 Scout Tower
28:20 Scout Tower
28:21 Scout Tower
28:22 Scout Tower
28:22 Scout Tower
28:23 Scout Tower
28:24 Scout Tower
28:24 Scout Tower
28:25 Scout Tower
28:25 Scout Tower
28:26 Scout Tower
28:57 Guard Tower
29:19 Guard Tower
29:21 Guard Tower
30:15 Guard Tower
30:35 Guard Tower
31:34 Guard Tower
34:25 Guard Tower
36:24 Scout Tower
36:25 Scout Tower
36:25 Scout Tower
36:26 Scout Tower
36:27 Scout Tower
36:28 Scout Tower
36:29 Scout Tower
36:29 Scout Tower
36:30 Scout Tower
36:32 Scout Tower
36:33 Scout Tower
36:33 Scout Tower
36:34 Scout Tower
37:00 Guard Tower
38:14 Guard Tower
38:17 Town Hall
38:19 Scout Tower
38:19 Scout Tower
38:20 Scout Tower
38:22 Town Hall
38:24 Guard Tower
38:27 Scout Tower
38:28 Scout Tower
38:29 Scout Tower
38:30 Scout Tower
38:30 Scout Tower
38:31 Scout Tower
38:31 Scout Tower
38:32 Scout Tower
38:32 Scout Tower
38:33 Scout Tower
38:34 Scout Tower
38:34 Scout Tower
38:50 Guard Tower
39:16 Guard Tower
40:01 Guard Tower
40:07 Scout Tower
40:08 Scout Tower
40:09 Scout Tower
40:11 Scout Tower
40:52 Guard Tower
41:02 Guard Tower
41:17 Guard Tower
41:20 Guard Tower
42:24 Guard Tower
42:26 Keep
44:10 Town Hall
44:16 Scout Tower
44:16 Scout Tower
44:17 Scout Tower
44:18 Scout Tower
44:19 Scout Tower
44:20 Scout Tower
44:20 Scout Tower
44:22 Scout Tower
44:22 Scout Tower
44:23 Scout Tower
44:24 Scout Tower
44:25 Scout Tower
44:27 Scout Tower
44:28 Scout Tower
44:29 Scout Tower
44:30 Scout Tower
45:06 Guard Tower
45:10 Scout Tower
45:11 Scout Tower
45:12 Scout Tower
45:13 Scout Tower
45:14 Scout Tower
45:15 Scout Tower
45:16 Scout Tower
45:16 Scout Tower
45:17 Scout Tower
45:18 Scout Tower
45:19 Scout Tower
45:20 Scout Tower
45:21 Guard Tower
45:27 Guard Tower
45:53 Guard Tower
46:19 Guard Tower
48:08 Guard Tower
49:42 Guard Tower
50:57 Guard Tower
» items
| Healing Salve | 1 | |
| Lesser Clarity Potion | 1 | |
| Scroll of Town Portal | 11 | |
| Staff of Sanctuary | 1 | |
| Potion of Healing | 3 | |
| Scroll of Regeneration | 3 | |
| Staff of Preservation | 1 | |
21 total
bLinn (
purple | 98 APM | 5121 actions | 52:08)
7 Blademaster
3 Wind Walk
3 Critical Strike
1 Bladestorm
6 Tauren Chieftain
3 War Stomp
2 Endurance Aura
1 Reincarnation
5 Shadow Hunter
2 Hex
3 Healing Wave
» actions
| Assign group hotkey | 179 | |
| Basic commands | 11 | |
| Build / train | 155 | |
| ESC pressed | 30 | |
| Enter build submenu | 122 | |
| Enter hero's abilities submenu | 18 | |
| Give item / drop item | 19 | |
| Remove unit from queue | 14 | |
| Right click | 2617 | |
| Select / deselect | 786 | |
| Select group hotkey | 675 | |
| Use ability | 472 | |
5121 total
» units
| Peon | 32 | |
| Troll Batrider | 29 | |
| Wind Rider | -2 | |
59 total
» upgrades
| Spiked Barricades | 2 | |
| Reinforced Defenses | 1 | |
| Ensnare | 1 | |
| Ranged Weapons | 1 | |
| Armor | 1 | |
6 total
» buildings
| Altar of Storms | 1 | |
| Orc Burrow | 8 | |
| War Mill | 3 | |
| Watch Tower | 104 | |
| Voodoo Lounge | 1 | |
| Stronghold | 5 | |
| Beastiary | 6 | |
| Fortress | 3 | |
| Great Hall | 4 | |
135 total
» build order
00:03 Altar of Storms
00:13 Orc Burrow
00:45 War Mill
01:42 Orc Burrow
01:59 Watch Tower
02:44 Watch Tower
02:46 Watch Tower
03:05 Watch Tower
03:22 Watch Tower
03:53 Voodoo Lounge
03:56 Watch Tower
04:07 Watch Tower
04:49 Watch Tower
04:52 Watch Tower
04:53 Stronghold
04:53 Stronghold
05:02 Watch Tower
05:52 Stronghold
05:53 Stronghold
05:53 Stronghold
06:03 Watch Tower
06:05 Watch Tower
06:31 Watch Tower
06:32 Watch Tower
06:50 Watch Tower
07:09 War Mill
07:11 Watch Tower
07:12 Watch Tower
07:23 Watch Tower
07:58 Watch Tower
07:59 Watch Tower
08:00 Watch Tower
08:01 Watch Tower
08:34 Watch Tower
09:06 Orc Burrow
09:24 Watch Tower
09:30 Watch Tower
09:56 Watch Tower
10:33 Beastiary
10:33 Beastiary
10:43 Watch Tower
11:22 Watch Tower
11:34 Fortress
11:35 Fortress
12:21 Watch Tower
12:23 Watch Tower
12:27 Watch Tower
12:42 Watch Tower
12:51 Watch Tower
13:25 Watch Tower
13:57 Watch Tower
14:44 Watch Tower
14:57 Watch Tower
14:58 Watch Tower
14:59 Watch Tower
15:51 Great Hall
15:53 Watch Tower
15:54 Watch Tower
17:13 Watch Tower
17:15 Watch Tower
17:21 Watch Tower
17:59 Watch Tower
18:00 Watch Tower
18:11 Orc Burrow
18:51 Watch Tower
18:56 Watch Tower
18:58 Watch Tower
20:57 Watch Tower
20:58 Watch Tower
20:58 Watch Tower
21:17 Watch Tower
21:19 Watch Tower
21:19 Watch Tower
21:21 Watch Tower
21:22 Watch Tower
21:52 Watch Tower
21:53 Watch Tower
22:22 Watch Tower
22:26 Watch Tower
22:44 Beastiary
22:47 Beastiary
22:52 Watch Tower
22:53 Watch Tower
22:53 Watch Tower
23:08 Beastiary
23:31 Watch Tower
23:31 Watch Tower
24:23 Watch Tower
24:24 Watch Tower
24:25 Watch Tower
24:26 Watch Tower
24:27 Watch Tower
24:51 Beastiary
28:13 Orc Burrow
28:15 Orc Burrow
28:23 Great Hall
28:29 Watch Tower
28:30 Watch Tower
28:31 Watch Tower
28:32 Watch Tower
28:33 Watch Tower
28:33 Watch Tower
28:34 Watch Tower
28:35 Watch Tower
28:36 Watch Tower
28:38 Watch Tower
28:38 Watch Tower
28:39 Watch Tower
28:40 Watch Tower
28:41 Watch Tower
28:42 Watch Tower
29:16 Orc Burrow
29:17 Orc Burrow
31:26 Watch Tower
31:27 Watch Tower
31:29 Watch Tower
31:29 Watch Tower
31:37 Watch Tower
31:38 Watch Tower
34:57 Watch Tower
34:58 Watch Tower
34:59 Watch Tower
34:59 Watch Tower
38:23 Watch Tower
38:26 Watch Tower
42:16 Watch Tower
42:17 Watch Tower
42:18 Watch Tower
42:18 Watch Tower
42:19 Watch Tower
42:19 Watch Tower
44:09 War Mill
50:40 Great Hall
50:49 Great Hall
» items
| Healing Salve | 9 | |
| Lesser Clarity Potion | 19 | |
| Orb of Lightning | 2 | |
| Scroll of Town Portal | 2 | |
| Potion of Healing | 2 | |
| Potion of Mana | 5 | |
39 total

»
DIRTMCGIRT (
pink | 81 APM | 4211 actions | 52:08)
6 Mountain King
3 Storm Bolt
2 Bash
1 Avatar
4 Naga Sea Witch
2 Frost Arrows
2 Forked Lightning
4 Goblin Alchemist
3 Chemical Rage
1 Acid Bomb
» actions
| Assign group hotkey | 15 | |
| Build / train | 126 | |
| Enter build submenu | 43 | |
| Enter hero's abilities submenu | 13 | |
| Give item / drop item | 2 | |
| Remove unit from queue | 2 | |
| Right click | 2376 | |
| Select / deselect | 1132 | |
| Select group hotkey | 275 | |
| Use ability | 226 | |
4211 total
» units
» upgrades
| Masonry | 3 | |
| Lumber Harvesting | 2 | |
| Flare | 1 | |
| Fragmentation Shards | 2 | |
| Magic Sentry | 1 | |
| Gunpowder | 1 | |
| Armor | 1 | |
11 total
» buildings
| Altar of Kings | 1 | |
| Farm | 6 | |
| Lumber Mill | 1 | |
| Scout Tower | 68 | |
| Arcane Tower | 1 | |
| Guard Tower | 40 | |
| Keep | 1 | |
| Blacksmith | 2 | |
| Workshop | 2 | |
| Castle | 1 | |
| Arcane Vault | 1 | |
| Town Hall | 1 | |
| Arcane Sanctum | 1 | |
126 total
» build order
00:06 Altar of Kings
00:09 Farm
00:33 Lumber Mill
00:52 Scout Tower
00:56 Scout Tower
01:09 Farm
01:50 Arcane Tower
02:15 Scout Tower
02:44 Scout Tower
02:53 Guard Tower
02:56 Scout Tower
02:57 Scout Tower
02:59 Scout Tower
03:00 Scout Tower
03:05 Scout Tower
03:06 Scout Tower
03:07 Scout Tower
03:26 Guard Tower
03:29 Guard Tower
04:04 Scout Tower
04:37 Guard Tower
04:39 Keep
04:45 Scout Tower
04:49 Guard Tower
04:52 Guard Tower
04:57 Scout Tower
05:00 Scout Tower
05:01 Guard Tower
05:22 Guard Tower
05:27 Scout Tower
05:47 Guard Tower
05:56 Scout Tower
05:57 Scout Tower
06:40 Guard Tower
06:49 Blacksmith
06:53 Blacksmith
06:56 Guard Tower
07:00 Guard Tower
08:08 Scout Tower
08:09 Scout Tower
08:12 Scout Tower
08:13 Scout Tower
08:14 Scout Tower
08:18 Workshop
08:39 Guard Tower
09:07 Guard Tower
09:14 Farm
09:16 Farm
09:16 Farm
09:23 Workshop
09:27 Guard Tower
09:31 Scout Tower
09:33 Scout Tower
09:34 Scout Tower
09:47 Scout Tower
09:49 Guard Tower
10:39 Guard Tower
10:44 Scout Tower
10:52 Farm
10:55 Guard Tower
11:23 Guard Tower
11:30 Guard Tower
11:34 Scout Tower
12:16 Guard Tower
12:20 Scout Tower
12:21 Scout Tower
12:22 Scout Tower
12:23 Scout Tower
13:20 Guard Tower
14:11 Castle
16:50 Scout Tower
18:52 Arcane Vault
19:59 Town Hall
20:06 Scout Tower
20:07 Scout Tower
20:07 Scout Tower
20:08 Scout Tower
21:00 Guard Tower
21:34 Guard Tower
23:12 Guard Tower
23:13 Guard Tower
23:17 Scout Tower
23:18 Scout Tower
23:19 Scout Tower
23:20 Scout Tower
25:02 Arcane Sanctum
25:06 Guard Tower
25:06 Guard Tower
25:13 Guard Tower
36:48 Scout Tower
36:49 Scout Tower
36:50 Scout Tower
36:50 Scout Tower
36:51 Scout Tower
36:53 Scout Tower
36:59 Guard Tower
38:50 Guard Tower
38:54 Scout Tower
38:58 Scout Tower
38:59 Scout Tower
39:01 Guard Tower
40:07 Guard Tower
40:18 Guard Tower
40:30 Scout Tower
40:31 Scout Tower
40:33 Scout Tower
41:40 Guard Tower
41:45 Scout Tower
41:45 Scout Tower
41:46 Scout Tower
41:47 Scout Tower
41:51 Scout Tower
41:52 Scout Tower
42:17 Guard Tower
43:10 Guard Tower
43:16 Guard Tower
43:42 Scout Tower
43:43 Scout Tower
43:54 Scout Tower
43:54 Scout Tower
43:55 Scout Tower
44:01 Scout Tower
44:02 Scout Tower
44:03 Scout Tower
» items
| Lesser Clarity Potion | 2 | |
| Healing Salve | 1 | |
| Potion of Healing | 2 | |
| Orb of Lightning | 1 | |
| Staff of Sanctuary | 1 | |
| Scroll of Town Portal | 6 | |
| Inferno Stone | 1 | |
| Scourge Bone Chimes | 1 | |
| Sobi Mask | 1 | |
16 total
dirtmcwordup (
teal | 117 APM | 6106 actions | 52:08)
10 Priestess of the Moon
3 Trueshot Aura
3 Scout
1 Starfall
3 Searing Arrows
8 Dark Ranger
2 Silence
3 Life Drain
1 Charm
2 Black Arrow
» actions
| Assign group hotkey | 26 | |
| Basic commands | 153 | |
| Build / train | 108 | |
| ESC pressed | 1 | |
| Enter build submenu | 18 | |
| Enter hero's abilities submenu | 18 | |
| Give item / drop item | 7 | |
| Right click | 2628 | |
| Select / deselect | 308 | |
| Select group hotkey | 2514 | |
| Use ability | 325 | |
6106 total
» units
| Wisp | 21 | |
| Chimaera | 18 | |
| Goblin Zeppelin | 1 | |
40 total
» upgrades
| Ultravision | 1 | |
| Strength of the Wild | 3 | |
| Reinforced Hides | 3 | |
| Well Spring | 1 | |
| Corrosive Breath | 1 | |
| Strength of the Moon | 1 | |
| Moon Armor | 1 | |
11 total
» buildings
| Altar of Elders | 1 | |
| Moon Well | 10 | |
| Tree of Ages | 1 | |
| Hunter's Hall | 1 | |
| Tree of Eternity | 1 | |
| Ancient of Wind | 1 | |
| Chimaera Roost | 2 | |
| Ancient of Wonders | 1 | |
| Tree of Life | 1 | |
19 total
» build order
00:05 Altar of Elders
00:18 Moon Well
01:05 Moon Well
03:08 Moon Well
03:15 Moon Well
04:35 Tree of Ages
05:00 Hunter's Hall
06:58 Tree of Eternity
06:59 Ancient of Wind
09:20 Chimaera Roost
09:21 Chimaera Roost
09:25 Ancient of Wonders
09:33 Moon Well
09:35 Moon Well
14:45 Tree of Life
15:22 Moon Well
17:29 Moon Well
34:47 Moon Well
34:47 Moon Well
» items
| Scroll of Town Portal | 15 | |
| Staff of Preservation | 2 | |
| Orb of Venom | 2 | |
| Potion of Healing | 8 | |
| Healing Salve | 1 | |
| Scroll of Regeneration | 2 | |
| Boots of Quel'Thalas +6 | 1 | |
| Health Stone | 1 | |
| Inferno Stone | 1 | |
33 total
Chat log
(00:02 / All) BEAR_AND: hi
(00:06 / All) smerb.org.org: hi
(00:09 / All) h4ckfu(gg)1: dirt!
(00:12 / All) dirtmcwordup: who let the nigger talk?
(00:16 / All) DIRTMCGIRT: which one lol
(00:20 / All) BEAR_AND: slave ,
(00:21 / Allies) bLinn: yeah .org is wesder
(00:29 / All) dirtmcwordup: are you guys still not beating your slaves properly.
(00:49 / Allies) bLinn: woh thanks for the gold :)
(01:28 / All) dirtmcwordup: gl hf
(01:48 / All) dirtmcwordup: gl hf
(01:51 / All) DIRTMCGIRT: gl hf
(01:52 / All) BEAR_AND: hey from?
(02:20 / All) DIRTMCGIRT: yo
(02:26 / All) DIRTMCGIRT: are u guys watching i love new york 2
(02:30 / All) DIRTMCGIRT: theres fuckin ghosts in da fuckin house
(03:42 / Allies) DIRTMCGIRT: im poundin this foot lol
(03:43 / Allies) dirtmcwordup: tower
(04:36 / Allies) bLinn: fastcrept
(04:37 / Allies) bLinn: watch out
(04:42 / Allies) bLinn: maybe not
(05:19 / Allies) bLinn: need help dirt
(06:06 / Allies) DIRTMCGIRT: focus am
(06:22 / Allies) bLinn: watch it
(06:34 / Allies) bLinn: need lum
(06:35 / Allies) DIRTMCGIRT: lol
(06:35 / Allies) DIRTMCGIRT: nic
(07:02 / Allies) bLinn: please
(07:02 / Allies) bLinn: help
(07:14 / Allies) DIRTMCGIRT: focus am
(07:34 / Allies) bLinn: gogo
(08:27 / Allies) bLinn: thanks
(08:44 / All) DIRTMCGIRT: UH OH
(09:37 / Allies) BEAR_AND: dirt some gold
(09:58 / Allies) DIRTMCGIRT: focu sam
(12:11 / Allies) DIRTMCGIRT: omqw
(12:13 / Allies) DIRTMCGIRT: with morts
(12:17 / Allies) bLinn: cool
(12:18 / Allies) bLinn: gettin bats
(13:52 / Allies) DIRTMCGIRT: thats my tome pls
(14:04 / Allies) bLinn: ofc anybody who took it would be a dick . . .
(14:17 / Allies) DIRTMCGIRT: yah
(14:38 / Allies) bLinn: resources
(14:39 / Allies) bLinn: please
(15:58 / Allies) DIRTMCGIRT: wt
(15:59 / Allies) DIRTMCGIRT: f
(16:01 / Allies) bLinn: help
(16:02 / Allies) bLinn: top
(16:03 / Allies) bLinn: please
(16:08 / Allies) BEAR_AND: copmem
(16:36 / Allies) BEAR_AND: dirt a litle gold
(16:52 / Allies) bLinn: HELP
(16:52 / Allies) bLinn: TOP
(17:51 / Allies) bLinn: HELP
(17:51 / Allies) bLinn: TOP
(18:09 / Allies) bLinn: Oh jesus christ look at blinn losing to 2 players one of which has trihero and morts
(18:42 / Allies) bLinn: GOOD
(18:47 / Allies) DIRTMCGIRT: need mad lumb
(19:01 / Allies) DIRTMCGIRT: ty]
(19:03 / Allies) bLinn: coming to push
(19:04 / Allies) bLinn: wait for bats
(19:06 / Allies) bLinn: he will have dudes
(19:54 / Allies) bLinn: resources for more towers
(19:55 / Allies) bLinn: OR
(19:59 / Allies) bLinn: help me build towers top dirt
(20:07 / Allies) bLinn: bats are out of da country
(20:29 / All) BEAR_AND: hauahahhahahah
(20:32 / All) BEAR_AND: see u
(20:33 / Allies) bLinn: tp
(20:43 / Allies) bLinn: WHGAt
(20:44 / Allies) bLinn: I TAPEd
(20:51 / Allies) bLinn: fuck this game
(20:52 / Allies) bLinn: oh mygod
(20:53 / Allies) DIRTMCGIRT: double clicked dat shit
(20:54 / Allies) BEAR_AND: chill
(21:03 / Allies) bLinn: no resources = no towers
(21:06 / Allies) bLinn: thanks for not helping
(21:07 / Allies) bLinn: THANKS
(21:10 / Allies) bLinn: FOR IGNORING ME
(21:24 / Allies) DIRTMCGIRT: maybe if u were on vent i could here u lol
(21:29 / Allies) bLinn: oh look
(21:31 / Allies) bLinn: they flared it
(21:34 / Allies) bLinn: maybe they're gonna push it
(21:40 / Allies) DIRTMCGIRT: im comin bro
(22:22 / Allies) BEAR_AND: i'm hitting
(22:29 / Allies) bLinn: lumbelrumblumgbleurm
(23:24 / Allies) bLinn: elf is here too
(23:31 / Allies) DIRTMCGIRT: need lumb
(23:37 / Allies) bLinn: with what
(24:06 / Allies) bLinn: how did
(24:08 / Allies) bLinn: my bm die
(24:45 / Allies) bLinn: dirt get magic sentry
(25:49 / Allies) bLinn: ARGH MOTERHFUCKER
(26:08 / Allies) bLinn: WHAT BATS
(26:09 / Allies) bLinn: DO I HAVe
(26:40 / Allies) bLinn: bats died to towers
(26:40 / Allies) bLinn: go
(26:41 / Allies) bLinn: nw
(27:24 / All) h4ckfu(gg)1: nice mh ne
(27:27 / All) dirtmcwordup: gg
(27:50 / Allies) DIRTMCGIRT: gg
(28:54 / Allies) bLinn: thanks dirt i should be good now
(29:05 / Allies) DIRTMCGIRT: np ;)
(29:19 / All) dirtmcwordup: dang
(29:40 / Allies) bLinn: argh cunt
(29:59 / Allies) DIRTMCGIRT: tp
(30:02 / Allies) DIRTMCGIRT: nice hehehe
(30:33 / Allies) dirtmcwordup: '
(30:36 / All) dirtmcwordup: do you like my maphack
(30:43 / Allies) bLinn: please dont
(30:45 / Allies) bLinn: let them do this
(30:51 / Allies) dirtmcwordup: can you 3
(30:51 / Allies) bLinn: and this
(30:51 / All) Dabutler: a lil
(30:52 / Allies) dirtmcwordup: do anything
(30:53 / Allies) dirtmcwordup: at all
(30:57 / Allies) dirtmcwordup: or do i have to win this game by myself
(31:29 / Allies) dirtmcwordup: nope looks like i gotta win it by myself
(31:51 / Allies) bLinn: yeah
(31:58 / Allies) bLinn: hmm you were like
(32:00 / Allies) bLinn: all the yhave is dryad
(32:19 / All) h4ckfu(gg)1: lol
(32:42 / Allies) DIRTMCGIRT: i got quel thalas boots
(32:54 / Allies) bLinn: yes
(32:55 / Allies) bLinn: need lum
(33:03 / All) dirtmcwordup: repair
(33:35 / All) dirtmcwordup: come on i almost got charm
(34:31 / Allies) bLinn: gold
(34:35 / Allies) bLinn: been getting bats
(34:40 / Allies) bLinn: have had no resources for most of this game
(34:56 / All) DIRTMCGIRT: have u guys listened to american gangster yet?
(35:05 / Allies) bLinn: dirtmcgirt please
(35:09 / Allies) bLinn: i don't have enough dudes to tower top
(35:11 / Allies) dirtmcwordup: mortar that
(35:12 / Allies) bLinn: will you please help me tower top
(35:13 / All) h4ckfu(gg)1: ya im a huge heroin dealer
(35:48 / Allies) bLinn: arhbghghghg
(35:55 / Allies) bLinn: dont believe this sometimes
(35:57 / Allies) dirtmcwordup: i cant touch those yad
(36:23 / Allies) bLinn: this
(36:26 / Allies) bLinn: is such bullshit
(36:39 / Allies) bLinn: dirt
(36:40 / Allies) bLinn: mc girt
(36:41 / Allies) bLinn: please
(36:42 / Allies) bLinn: build towers
(36:43 / Allies) bLinn: up
(36:43 / Allies) bLinn: top
(37:26 / Allies) bLinn: ih
(37:28 / Allies) bLinn: i have no mana
(37:29 / Allies) bLinn: what
(37:57 / Allies) dirtmcwordup: just mortar the yad
(37:59 / Allies) dirtmcwordup: i got the rest
(38:58 / Allies) bLinn: ok i got a decent amount of bats now
(39:11 / Allies) bLinn: lost my expo though
(39:26 / All) dirtmcwordup: lollis.
(41:52 / Allies) bLinn: i tped
(41:52 / Allies) bLinn: oh mygod
(42:58 / All) BEAR_AND: gg ty for free win
(42:59 / Allies) DIRTMCGIRT: GOOD SHIT
(43:01 / All) BEAR_AND: i have had 400 harder friends
(43:02 / Allies) bLinn: NO
(43:02 / All) DIRTMCGIRT: gg
(43:02 / Allies) bLinn: NO
(43:03 / Allies) bLinn: NO
(43:04 / All) h4ckfu(gg)1: np
(43:11 / Allies) bLinn: i tped with blade
(43:12 / Allies) bLinn: he died to sS
(43:13 / All) Dabutler: wasnt free cost us 2 hours
(43:14 / All) h4ckfu(gg)1: solo?
(43:17 / All) BEAR_AND: free for us
(43:18 / All) BEAR_AND: ok 1v1?
(43:19 / All) dirtmcwordup: lmao
(43:20 / All) dirtmcwordup: ok
(43:23 / Allies) bLinn: least fun friends game
(43:23 / All) BEAR_AND: come to LLJK
(43:24 / Allies) bLinn: in history
(43:24 / All) DIRTMCGIRT: nothin is free in life
(43:25 / All) dirtmcwordup: beat noob in 4v4 beat noob in 1v1
(43:34 / Allies) bLinn: i dont mind getting hit
(43:35 / All) DIRTMCGIRT: HELLO BROOKLYN BABY I HOPE U NEVER SAY GOODBYE TO ME
(43:39 / Allies) bLinn: just like getting help & resources
(43:41 / All) BEAR_AND: i destryou all of u
(43:42 / All) BEAR_AND: in 1v1
(43:43 / All) h4ckfu(gg)1: hush nubs
(43:48 / All) BEAR_AND: begone u may leave; kiss my toes
(44:15 / All) dirtmcwordup: do you noobs not know when to leave
(44:34 / All) BEAR_AND: you leave when i say gg not a moment too soon
(44:49 / All) BEAR_AND: cy
(44:53 / All) BEAR_AND: bye
(44:59 / All) dirtmcwordup: this is my map
(45:01 / All) dirtmcwordup: get the fuck out
(45:20 / All) h4ckfu(gg)1: it is when u maphack
(45:26 / All) BEAR_AND: hahahah wtf u talk about
(45:26 / All) DIRTMCGIRT: the reign of skip has come to an end
(45:37 / All) dirtmcwordup: bye nigger
(45:40 / Allies) bLinn: nongongongog
(45:40 / Allies) bLinn: ngo
(45:56 / Allies) bLinn: yo im on the cusp
(45:57 / Allies) bLinn: of leaving this game
(46:09 / Allies) bLinn: so much bullshit you have no idea
(46:20 / Allies) bLinn: nah it's like i'm in a fight and i'm clicking my tp
(46:24 / Allies) bLinn: approx 10 thous and times
(46:55 / Allies) bLinn: i think it's because i have no lumber also and no way to get it
(47:14 / All) BEAR_AND: bye
(47:15 / All) BEAR_AND: begone
(47:16 / All) DIRTMCGIRT: gg
(47:17 / All) dirtmcwordup: gg thanks for free win
(47:21 / All) BEAR_AND: quit now
(48:17 / Allies) dirtmcwordup: kill drya
(48:17 / Allies) dirtmcwordup: go
(48:18 / Allies) dirtmcwordup: go
(48:45 / All) BEAR_AND: quit
(48:48 / All) BEAR_AND: can yuo hear me?
(48:52 / All) dirtmcwordup: do you think you are goo orange
(49:08 / All) BEAR_AND: skip you know us
(49:11 / All) BEAR_AND: just give up
(49:48 / All) BEAR_AND: bye
(49:50 / All) BEAR_AND: exit
(49:52 / All) DIRTMCGIRT: ggs
(49:57 / All) DIRTMCGIRT: all around
(50:02 / All) BEAR_AND: save your dignity,,,,,,,,,,,,,,,,, what is left
(50:07 / All) BEAR_AND: thanx
(50:10 / All) dirtmcwordup: gg
(50:24 / All) DIRTMCGIRT: the reign of skip has finally ended .....
(50:25 / All) BEAR_AND: i have 22000 gold
(50:55 / All) BEAR_AND: this is "manner expo"
(51:03 / All) BEAR_AND: quit it
(51:09 / All) BEAR_AND: leave hahahhahahahahah
(51:28 / All) dirtmcwordup: lmao
(51:29 / All) dirtmcwordup: guy
(51:32 / All) dirtmcwordup: i invented farm hiding
(51:37 / All) DIRTMCGIRT: u must not kno
(51:38 / Allies) bLinn: wait
(51:39 / Allies) bLinn: not yet
(51:46 / All) BEAR_AND: hahahhahahahah
(51:47 / All) BEAR_AND: now quit
(51:52 / All) DIRTMCGIRT: now quit hahaha
(51:53 / All) dirtmcwordup: a bye bye
(51:55 / All) BEAR_AND: hahahahhahaha
(51:57 / All) BEAR_AND: ayumyumyum
(52:01 / All) DIRTMCGIRT: HUAHUHAUHAUHAUHAUHAUHA
(52:02 / All) DIRTMCGIRT: clan towa gg
(52:05 / All) ReignOfSkip: gg wp
(52:06 / All) BEAR_AND: and also hyum